 BcadrenCrawl: Boulder Brew version 0.05.21-81-gd28e3044bd (webtiles) character file.

Game seed: 2252333737446658344, levelgen mode: deterministic

87 theanonym the Twirler (level 4, -6/33 HPs) Lignifite Fighter. Began on Sept 5, 2021. Mangled by Purgy (7 damage) ... on level 2 of the Dungeon. The game lasted 00:02:52 (1092 turns).

theanonym the Twirler (Lignifite Fighter)           Turns: 1092, Time: 00:02:52

Health: -6/33      AC:  1    Str: 27    XL:     4 ^: 71
Magic:  5/5        EV: 16    Int: 10    God:
Gold:   30         SH:  2    Dex:  7    Spells: 3/3 levels left

rFire    x . .     Vision   .   a - +0 morningstar
rCold    . . .     Gourm    .   c - +0 buckler
rNeg     . . .     Faith    .   b - +0 robe
rCorr    . . .     Spirit   .   (helmet restricted)
rPois    +         Reflect  .   (no cloak)
rElec    .         Harm     .   (gloves unavailable)
MR       .....                  (boots unavailable)
Stlth    ++........             (no amulet)
HPRegen  0.21/turn              d - ring of stealth
MPRegen  0.15/turn              (no ring)

@: mighty, very quick
A: very small, unfitting armour, branches (SH +, deformed body 1, speed 3,
poison resistance, slow metabolism 1, torment resistance, plant, woody flesh
(rF-) 1, rot immunity
a: no special abilities


Innate Abilities, Weirdness & Mutations

You are very small and have problems with some larger weapons.
You are too small for most types of armour.
A tangle of shorter branches protects your body from attack. (SH +2)
Armour fits poorly on your strangely shaped body.
You cover ground extremely quickly.
Your system is resistant to poisons. (rPois)
You have a slow metabolism.
You are immune to unholy pain and torment.
You require very little carbon dioxide to survive.
Your woody flesh burns easily. (rF-)
You are immune to rotting.


   Skills:
 + Level 3.8 Fighting
 * Level 4.3 Maces & Staves
 - Level 2.6 Dodging
 - Level 3.0 Shields


You had 3 spell levels left.
You didn't know any spells.
Your spell library was empty.

Skill      XL: |  1  2  3 |
---------------+----------+-----
Maces & Staves | 3 4 |  4.3
Fighting       | |  3.8
Dodging        | |  2.6
Shields        | |  3.0

Action                   |  1- 3 |  4- 6 || total
-------------------------+-------+-------++-------
Melee: Morningstar       |    82 |    14 ||    96
  Use: Potion            |       |     1 ||     1
Armor: Robe              |    10 |     2 ||    12
Dodge: Dodged            |   110 |    24 ||   134
Block: Buckler           |     6 |     3 ||     9

Inventory:

Weapons
 a - a +0 morningstar (weapon) Shields
 c - a +0 buckler (shield)
Armour
 b - a +0 robe (worn)
Jewellery
 d - a ring of stealth (left hand)
Scrolls
 f - a scroll of torment
 g - a scroll of immolation
 j - a scroll of fear
 t - a scroll of teleportation
 B - a scroll of blinking
Potions
 h - a potion of mutation
 i - 2 potions of magic
Comestibles
 e - 4 rations


You were on level 2 of the Dungeon.
You were not hungry.

You visited 1 branch of the dungeon, and saw 2 of its levels.

You collected 30 gold pieces.

Dungeon Overview and Level Annotations

Branches:
Dungeon (2/8)

Altars:

Annotations:
D:2 Purgy

#≈.#≈≈.##≈≈≈≈P..#
#..##.≈##≈≈≈P..#≈
#≈..###≈#≈≈≈..≈≈#
#≈..#####.≈≈.≈≈##
##..#.# ....≈.#
#...P###.
##..##≈≈ #.##.#
#≈#≈@# ##≈T##
#≈.###.###PP
≈≈.......≈PTP
≈≈≈.≈≈≈≈.P≈≈≈P
P≈......≈≈≈≈≈PP
≈..≈≈≈.≈≈≈≈≈≈≈P
≈≈.≈≈≈≈≈≈≈≈≈≈P≈≈
≈≈...≈≈≈≈≈≈≈PP;≈


You could see Purgy.

Notes
Turn   | Place    | Note
-------+----------+-------------------------------------------
     0 | D:1      | theanonym the Lignifite Fighter began the quest for the
                  | Orb.
     0 | D:1      | Reached XP level 1. HP: 16/16 MP: 2/2
   109 | D:1      | Reached skill level 3 in Maces & Staves
   109 | D:1      | Reached XP level 2. HP: 20/21 MP: 3/3
   196 | D:1      | Reached XP level 3. HP: 25/26 MP: 4/4
   357 | D:1      | Reached skill level 4 in Maces & Staves
   615 | D:1      | HP: 3/27 [gnoll/+0 whip (12)]
   616 | D:1      | Reached XP level 4. HP: 4/33 MP: 5/5
  1072 | D:2      | Noticed Purgy
  1089 | D:2      | HP: 14/33 [Purgy (3)]
  1090 | D:2      | HP: 4/33 [Purgy (4)]
  1090 | D:2      | HP: 1/33 [Purgy (3)]
  1092 | D:2      | Mangled by Purgy

Vanquished Creatures
  3 giant cockroaches (D:1)
  A gnoll (D:1)
  2 oozes (D:2)
  3 dart slugs (D:1)
  5 bats (D:1)
  2 goblins (D:1)
  A hobgoblin (D:1)
  3 kobolds (D:1)
  5 rats (D:1)
25 creatures vanquished.

Vanquished Creatures (others)
  14 withered plants (D:2)
14 creatures vanquished.

Grand Total: 39 creatures vanquished

Table legend:
 A = Turns spent in this place as a percentage of turns spent in the entire game.
 B = Non-inter-level travel turns spent in this place as a percentage of non-inter-level travel turns spent in the entire game.
 C = Inter-level travel turns spent in this place as a percentage of turns spent in this place.
 D = Turns resting spent in this place as a percentage of non-inter-level travel turns spent in this place.
 E = Turns spent auto-exploring this place as a percentage of non-inter-level travel turns spent in this place.
 F = Non-inter-level travel turns spent in this place divided by the number of levels of this place that you've seen.
                   A       B       C       D       E      F
               +-------+-------+-------+-------+-------+----------------------
         Total | 100.0 | 100.0 |   2.4 |  17.6 |  62.2 | 533.0
       Dungeon | 100.0 | 100.0 |   2.4 |  17.6 |  62.2 | 533.0
               +-------+-------+-------+-------+-------+----------------------
